NCAA
PROVIDENCE FRIARS @ PURDUE BOILERMAKERS
04/05/2026
 
TOP OF THE 1ST
Providence Friars batting - Pitching for Purdue Boilermakers : LHP Jim Holloway
Pitching: LHP Jim Holloway
Batting: RHB Kyle Baylor 0-0: Ball
1-0: Called Strike
1-1: Swinging Strike
1-2: Foul Ball, location: 2F
1-2: Ball
2-2: Ball
3-2: Strikes out looking
Batting: RHB Larry Davis 0-0: Ball
1-0: Ground out 5-3 (Groundball, 56)
Batting: RHB Rodrigo Carballeira 0-0: Called Strike
0-1: Ball
1-1: Ground out 4-3 (Groundball, 4)
Top of the 1st over - 0 run(s), 0 hit(s), 0 error(s), 0 left on base; Providence 0 - Purdue 0
BOTTOM OF THE 1ST
Purdue Boilermakers batting - Pitching for Providence Friars : RHP Joey Boyd
Pitching: RHP Joey Boyd
Batting: RHB Eric Patrick 0-0: Fly out, F8 (Flyball, 8RS)
Batting: SHB Joaquín Gilera 0-0: Ground out U3 (Groundball, 3L)
Batting: RHB Francisco Herrera 0-0: Fly out, F9 (Flyball, 89M)
Bottom of the 1st over - 0 run(s), 0 hit(s), 0 error(s), 0 left on base; Providence 0 - Purdue 0
TOP OF THE 2ND
Providence Friars batting - Pitching for Purdue Boilermakers : LHP Jim Holloway
Batting: RHB Eugene Ackerman 0-0: Foul Ball, location: 2F
0-1: Called Strike
0-2: Ball
1-2: Foul Ball, location: 2F
1-2: Strikes out swinging
Batting: RHB Jorge Carrillo 0-0: Ball
1-0: Ball
2-0: Foul Ball, location: 2F
2-1: Called Strike
2-2: Fly out, F7 (Flyball, 7LS)
Batting: RHB Dan Rivera 0-0: Ground out 1-3 (Groundball, 13S)
Top of the 2nd over - 0 run(s), 0 hit(s), 0 error(s), 0 left on base; Providence 0 - Purdue 0
BOTTOM OF THE 2ND
Purdue Boilermakers batting - Pitching for Providence Friars : RHP Joey Boyd
Batting: LHB Bryan Barnes 0-0: Called Strike
0-1: Foul Ball, location: 2F
0-2: Ball
1-2: Ball
2-2: Ball
3-2: Foul Ball, location: 2F
3-2: Base on Balls
Batting: LHB Rodney Harrison 0-0: Ball
1-0: Grounds into double play, 4-6-3 (Groundball, 4)
Batting: RHB Carlos Rosado 0-0: Called Strike
0-1: Called Strike
0-2: Ball
1-2: Foul Ball, location: 2F
1-2: Fly out, F9 (Flyball, 89S)
Bottom of the 2nd over - 0 run(s), 0 hit(s), 0 error(s), 0 left on base; Providence 0 - Purdue 0
TOP OF THE 3RD
Providence Friars batting - Pitching for Purdue Boilermakers : LHP Jim Holloway
Batting: RHB Mike Cleveland 0-0: Ball
1-0: Swinging Strike
1-1: Swinging Strike
1-2: Foul Ball, location: 2F
1-2: Foul Ball, location: 2F
1-2: Ball
2-2: Foul Ball, location: 2F
2-2: Strikes out swinging
Batting: LHB Jorge Hernández 0-0: Called Strike
0-1: Swinging Strike
0-2: Ground out 4-3 (Groundball, 34)
Batting: LHB Arnold Stewart 0-0: Ball
1-0: Swinging Strike
1-1: Foul Ball, location: 2F
1-2: Ball
2-2: Ball
3-2: Strikes out looking
Top of the 3rd over - 0 run(s), 0 hit(s), 0 error(s), 0 left on base; Providence 0 - Purdue 0
BOTTOM OF THE 3RD
Purdue Boilermakers batting - Pitching for Providence Friars : RHP Joey Boyd
Batting: RHB Dave Crawford 0-0: DOUBLE (Flyball, 7LM)
Batting: SHB Darren Campbell 0-0: Fly out, F8 (Flyball, 8RM)
Batting: RHB Jim MacAchounich 0-0: TRIPLE (Flyball, 8RXD)
Dave Crawford scores
Batting: RHB Eric Patrick 0-0: Foul Ball, location: 2F
0-1: Ball
1-1: Ball
2-1: Fly out, F8 (Flyball, 8RM)
Runner from 3rd tags up, SCORES, throw made
Batting: SHB Joaquín Gilera 0-0: Called Strike
0-1: Called Strike
0-2: Strikes out looking
Bottom of the 3rd over - 2 run(s), 2 hit(s), 0 error(s), 0 left on base; Providence 0 - Purdue 2
TOP OF THE 4TH
Providence Friars batting - Pitching for Purdue Boilermakers : LHP Jim Holloway
Batting: RHB Kyle Baylor 0-0: Bunt missed!
0-1: Called Strike
0-2: Ball
1-2: Fly out, F4 (Popup, 4M)
Batting: RHB Larry Davis 0-0: Called Strike
0-1: Swinging Strike
0-2: Foul Ball, location: 2F
0-2: Foul Ball, location: 2F
0-2: Ball
1-2: SINGLE (Flyball, 8RS)
Batting: RHB Rodrigo Carballeira 0-0: Ball
1-0: Ball
2-0: Ball
3-0: Base on Balls
Larry Davis to second
Batting: RHB Eugene Ackerman 0-0: Called Strike
0-1: Grounds into double play, 6-4-3 (Groundball, 6)
Top of the 4th over - 0 run(s), 1 hit(s), 0 error(s), 1 left on base; Providence 0 - Purdue 2
BOTTOM OF THE 4TH
Purdue Boilermakers batting - Pitching for Providence Friars : RHP Joey Boyd
Batting: RHB Francisco Herrera 0-0: Ball
1-0: Ball
2-0: Ball
3-0: Base on Balls
Batting: LHB Bryan Barnes 0-0: Called Strike
0-1: Called Strike
0-2: Ground out 4-3 (Groundball, 13)
Francisco Herrera to second
Batting: LHB Rodney Harrison 0-0: Ball
1-0: Ball
2-0: Ball
3-0: Called Strike
3-1: Foul Ball, location: 2F
3-2: Base on Balls
Batting: RHB Carlos Rosado 0-0: Called Strike
0-1: Ball
1-1: Ball
2-1: Ball
3-1: Base on Balls
Francisco Herrera to third
Rodney Harrison to second
Batting: RHB Dave Crawford 0-0: Called Strike
0-1: Ball
1-1: Fly out, F7 (Flyball, 78S)
Runner from 3rd tags up, OUT at HOME
Bottom of the 4th over - 0 run(s), 0 hit(s), 0 error(s), 2 left on base; Providence 0 - Purdue 2
TOP OF THE 5TH
Providence Friars batting - Pitching for Purdue Boilermakers : LHP Jim Holloway
Batting: RHB Jorge Carrillo 0-0: Called Strike
0-1: Ball
1-1: SINGLE (Line Drive, 8RS)
Batting: RHB Dan Rivera 0-0: Ball
1-0: 2-RUN HOME RUN (Flyball, 9D), Distance : 373 ft
Batting: RHB Mike Cleveland 0-0: Ball
1-0: Called Strike
1-1: Ball
2-1: Ball
3-1: Ground out 5-3 (Groundball, 5L)
Batting: LHB Jorge Hernández 0-0: Called Strike
0-1: Ball
1-1: SINGLE (Line Drive, 6D)
Batting: LHB Arnold Stewart 0-0: Ball
1-0: Ball
2-0: Ball
3-0: Called Strike
3-1: Foul Ball, location: 2F
3-2: Fly out, F9 (Flyball, 9M)
Batting: RHB Kyle Baylor 0-0: Called Strike
0-1: Ball
1-1: Ball
Jorge Hernández steals 2nd base
2-1: Ground out 3-4 (Groundball, 3L)
Top of the 5th over - 2 run(s), 3 hit(s), 0 error(s), 1 left on base; Providence 2 - Purdue 2
BOTTOM OF THE 5TH
Purdue Boilermakers batting - Pitching for Providence Friars : RHP Joey Boyd
Batting: SHB Darren Campbell 0-0: Ball
1-0: Ball
2-0: Foul Ball, location: 2F
2-1: Ground out 4-3 (Groundball, 4)
Batting: RHB Jim MacAchounich 0-0: Called Strike
0-1: Called Strike
0-2: Ball
1-2: SINGLE (Flyball, 8RM)
Batting: RHB Eric Patrick 0-0: Ball
1-0: Foul Ball, location: 2F
1-1: Ball
2-1: Foul Ball, location: 2F
2-2: Ball
3-2: Strikes out swinging
Batting: SHB Joaquín Gilera 0-0: Foul Ball, location: 2F
0-1: Foul Ball, location: 2F
0-2: Ball
1-2: Fly out, F8 (Flyball, 8RM)
Bottom of the 5th over - 0 run(s), 1 hit(s), 0 error(s), 1 left on base; Providence 2 - Purdue 2
TOP OF THE 6TH
Providence Friars batting - Pitching for Purdue Boilermakers : LHP Jim Holloway
Batting: RHB Larry Davis 0-0: Swinging Strike
0-1: Ball
1-1: Foul Ball, location: 2F
1-2: Ball
2-2: Foul Ball, location: 2F
2-2: Ball
3-2: Strikes out looking
Pitching: RHP Tom Reed
Batting: RHB Rodrigo Carballeira 0-0: Ball
1-0: Ball
2-0: Swinging Strike
2-1: Ball
3-1: Called Strike
3-2: Strikes out swinging
Batting: RHB Eugene Ackerman 0-0: Ball
1-0: Called Strike
1-1: Ball
2-1: Ball
3-1: Called Strike
3-2: Strikes out swinging
Top of the 6th over - 0 run(s), 0 hit(s), 0 error(s), 0 left on base; Providence 2 - Purdue 2
BOTTOM OF THE 6TH
Purdue Boilermakers batting - Pitching for Providence Friars : RHP Joey Boyd
Batting: RHB Francisco Herrera 0-0: Ground out 3-1 (Groundball, 34)
Batting: LHB Bryan Barnes 0-0: Ball
1-0: Fly out, F6 (Line Drive, 56)
Batting: LHB Rodney Harrison 0-0: Ball
1-0: Ball
2-0: Ball
3-0: Base on Balls
Batting: RHB Carlos Rosado 0-0: Called Strike
0-1: Foul Ball, location: 2F
0-2: Ball
1-2: Strikes out swinging
Bottom of the 6th over - 0 run(s), 0 hit(s), 0 error(s), 1 left on base; Providence 2 - Purdue 2
TOP OF THE 7TH
Providence Friars batting - Pitching for Purdue Boilermakers : RHP Tom Reed
Pinch Hitting: LHB Dave Joyner 0-0: Called Strike
0-1: Swinging Strike
0-2: Ball
1-2: Strikes out swinging
Pinch Hitting: LHB Zach Baxter 0-0: Ball
1-0: Ball
2-0: Swinging Strike
2-1: Ball
3-1: Base on Balls
Pinch Hitting: LHB Chris Schultz 0-0: Ball
1-0: Swinging Strike
1-1: Foul Ball, location: 2F
1-2: Strikes out swinging
Batting: LHB Jorge Hernández 0-0: Called Strike
0-1: Ball
1-1: Foul Ball, location: 2F
1-2: Foul Ball, location: 2F
1-2: SINGLE (Line Drive, 89S)
Zach Baxter to second
Throwing error, E9
Zach Baxter scores
Jorge Hernández to second
Pitching: RHP Dave Wilson
Batting: LHB Arnold Stewart 0-0: Called Strike
0-1: Ball
1-1: Ball
2-1: Foul Ball, location: 2F
2-2: Foul Ball, location: 2F
2-2: Ball
3-2: Foul Ball, location: 2F
3-2: Fly out, F7 (Flyball, 78M)
Top of the 7th over - 1 run(s), 1 hit(s), 1 error(s), 1 left on base; Providence 3 - Purdue 2
BOTTOM OF THE 7TH
Purdue Boilermakers batting - Pitching for Providence Friars : RHP Joey Boyd
Now at 1B: Clinton Cook
Now at SS: Will Stafford
Now in RF: Zach Baxter
Batting: RHB Dave Crawford 0-0: Ground out 5-3 (Groundball, 56)
Batting: SHB Darren Campbell 0-0: Ball
1-0: Ball
2-0: Called Strike
2-1: Swinging Strike
2-2: Foul Ball, location: 2F
2-2: Ball
3-2: Ground out 6-3 (Groundball, 6)
Batting: RHB Jim MacAchounich 0-0: Foul Ball, location: 2F
0-1: Ball
1-1: Foul Ball, location: 2F
1-2: DOUBLE (Line Drive, 9LM)
Batting: RHB Eric Patrick 0-0: Swinging Strike
0-1: Ball
1-1: Ball
2-1: Ball
3-1: Base on Balls
Batting: SHB Joaquín Gilera 0-0: Swinging Strike
0-1: Fly out, F4 (Popup, 4M)
Bottom of the 7th over - 0 run(s), 1 hit(s), 0 error(s), 2 left on base; Providence 3 - Purdue 2
TOP OF THE 8TH
Providence Friars batting - Pitching for Purdue Boilermakers : RHP Dave Wilson
Batting: RHB Kyle Baylor 0-0: Called Strike
0-1: Swinging Strike
0-2: Ball
1-2: Fly out, F9 (Flyball, 89M)
Batting: RHB Larry Davis 0-0: Called Strike
0-1: Foul Ball, location: 2F
0-2: Ball
1-2: Foul Ball, location: 2F
1-2: Strikes out swinging
Batting: RHB Rodrigo Carballeira 0-0: Called Strike
0-1: Swinging Strike
0-2: Foul Ball, location: 2F
0-2: Ball
1-2: Foul Ball, location: 2F
1-2: Ball
2-2: Ball
3-2: Foul Ball, location: 2F
3-2: Ground out 5-3 (Groundball, 56)
Top of the 8th over - 0 run(s), 0 hit(s), 0 error(s), 0 left on base; Providence 3 - Purdue 2
BOTTOM OF THE 8TH
Purdue Boilermakers batting - Pitching for Providence Friars : RHP Joey Boyd
Batting: RHB Francisco Herrera 0-0: Called Strike
0-1: Ball
1-1: Ball
2-1: Ball
3-1: SINGLE (Groundball, 6MD) (infield hit)
Pitching: RHP Tommy Allen
Batting: LHB Bryan Barnes 0-0: Called Strike
0-1: Ball
1-1: Grounds into double play, 4-6-3 (Groundball, 4)
Batting: LHB Rodney Harrison 0-0: SINGLE (Groundball, 4MD)
Pinch Hitting: SHB Johnny Jackson 0-0: Ball
1-0: Fly out, F8 (Flyball, 8RM)
Bottom of the 8th over - 0 run(s), 2 hit(s), 0 error(s), 1 left on base; Providence 3 - Purdue 2
TOP OF THE 9TH
Providence Friars batting - Pitching for Purdue Boilermakers : RHP Dave Wilson
Now in RF: Jared Williamson
Batting: RHB Eugene Ackerman 0-0: Ball
1-0: SINGLE (Groundball, 34D)
Pinch Hitting: RHB Albert Cordero 0-0: Ground out 5-3 (Groundball, 15S)
Eugene Ackerman to second
Batting: LHB Zach Baxter 0-0: Intentional Walk
Pitching: RHP Mark Messier
Pinch Runner at 2nd Chris Reid:
Pinch Hitting: RHB Victor Wilson 0-0: Ball
1-0: Ball
2-0: Ball
3-0: Called Strike
3-1: Foul Ball, location: 2F
3-2: Base on Balls
Chris Reid to third
Zach Baxter to second
Batting: LHB Jorge Hernández 0-0: Fly out, F7 (Popup, 6D)
Batting: LHB Arnold Stewart 0-0: Hit by Pitch
Chris Reid scores
Zach Baxter to third
Victor Wilson to second
Pinch Hitting: RHB José Gómez 0-0: Called Strike
0-1: Ball
1-1: Called Strike
1-2: Fly out, F6 (Popup, 56D)
Top of the 9th over - 1 run(s), 1 hit(s), 0 error(s), 3 left on base; Providence 4 - Purdue 2
BOTTOM OF THE 9TH
Purdue Boilermakers batting - Pitching for Providence Friars : RHP Tommy Allen
Now at C: Albert Cordero
Now at 1B: Victor Wilson
Now at SS: Bryce Dougherty
Now in CF: Chris Reid
Batting: RHB Dave Crawford 0-0: Called Strike
0-1: Ball
1-1: Ball
2-1: Foul Ball, location: 2F
2-2: Foul Ball, location: 2F
2-2: SINGLE (Flyball, 8RS)
Pinch Hitting: RHB Jorge Molina 0-0: Called Strike
0-1: Ball
1-1: Foul Ball, location: 2F
1-2: Foul Ball, location: 2F
1-2: Fly out, F9 (Line Drive, 89M)
Batting: RHB Jim MacAchounich 0-0: 2-RUN HOME RUN (Line Drive, 78XD), Distance : 440 ft
Batting: RHB Eric Patrick 0-0: Ball
1-0: Fly out, F3 (Popup, 34)
Batting: SHB Joaquín Gilera 0-0: Ball
1-0: Ground out 4-3 (Groundball, 34)
Bottom of the 9th over - 2 run(s), 2 hit(s), 0 error(s), 0 left on base; Providence 4 - Purdue 4
TOP OF THE 10TH
Providence Friars batting - Pitching for Purdue Boilermakers : RHP Mark Messier
Pitching: RHP Pablo Rodríguez
Now at 2B: Pete Davis
Pinch Hitting: RHB Ralph Wells 0-0: Foul Ball, location: 2F
0-1: Ball
1-1: Ball
2-1: Foul Ball, location: 2F
2-2: Foul Ball, location: 2F
2-2: Foul Ball, location: 2F
2-2: Foul Ball, location: 2F
2-2: Foul Ball, location: 2F
2-2: Ball
3-2: SINGLE (Line Drive, 89S)
Batting: RHB Rodrigo Carballeira 0-0: Foul Ball, location: 2F
0-1: Ball
1-1: Foul Ball, location: 2F
1-2: Strikes out swinging
Batting: LHB Chris Reid 0-0: Called Strike
0-1: Ball
1-1: Called Strike
1-2: Ball
2-2: Strikes out swinging
Batting: RHB Albert Cordero 0-0: Swinging Strike
0-1: Foul Ball, location: 2F
0-2: Foul Ball, location: 2F
0-2: Ball
1-2: SINGLE (Line Drive, 9S)
Ralph Wells to second
Runner from 2nd tries for 3rd, SAFE, throw made to third
Batting: LHB Zach Baxter 0-0: Ball
1-0: Ball
2-0: Ball
3-0: Called Strike
3-1: Foul Ball, location: 2F
3-2: Base on Balls
Albert Cordero to second
Batting: RHB Victor Wilson 0-0: Ball
1-0: Ball
2-0: Called Strike
2-1: Foul Ball, location: 2F
2-2: Ball
3-2: Foul Ball, location: 2F
3-2: Base on Balls
Ralph Wells scores
Albert Cordero to third
Zach Baxter to second
Pitching: RHP Robert King
Batting: LHB Jorge Hernández 0-0: Ball
1-0: Ball
2-0: Ball
3-0: Called Strike
3-1: Base on Balls
Albert Cordero scores
Zach Baxter to third
Victor Wilson to second
Batting: LHB Arnold Stewart 0-0: Ball
1-0: Ball
2-0: Fly out, F8 (Line Drive, 8LM)
Top of the 10th over - 2 run(s), 2 hit(s), 0 error(s), 3 left on base; Providence 6 - Purdue 4
BOTTOM OF THE 10TH
Purdue Boilermakers batting - Pitching for Providence Friars : RHP Tommy Allen
Now at 3B: Francisco Solgato
Batting: RHB Francisco Herrera 0-0: Ball
1-0: Called Strike
1-1: Ball
2-1: Reached on Error, E8 (Flyball, 8LM)
Batting: LHB Bryan Barnes 0-0: Foul Ball, location: 2F
0-1: Grounds into double play, 4-6-3 (Groundball, 4)
Batting: LHB Rodney Harrison 0-0: SINGLE (Groundball, 4MD)
Batting: RHB Jared Williamson 0-0: Called Strike
0-1: Ball
1-1: Ground out 5-3 (Groundball, 5)
Bottom of the 10th over - 0 run(s), 1 hit(s), 1 error(s), 1 left on base; Providence 6 - Purdue 4
Monday, December 5th, 2016 - OOTP Baseball 17.12 Build 75